 Dungeon Crawl Stone Soup version 0.30-a0-39-g42789b21ef (webtiles) character file.

Game seed: 2078666001491689609

1764 ytrimaz the Changer (level 9, -11/53 HPs)
             Began as an Octopode Transmuter on Aug 28, 2022.
             Was an Initiate of Ashenzari.
             Killed from afar by a steam dragon (23 damage)
             ... with a ball of steam
             ... on level 6 of the Dungeon.
             The game lasted 00:08:46 (6806 turns).

ytrimaz the Changer (Octopode Transmuter)           Turns: 6806, Time: 00:08:46

Health: -11/53     AC:  2    Str: 10    XL:     9   Next: 7%
Magic:  0/18       EV: 13    Int: 19    God:    Ashenzari [......]
Gold:   301        SH:  0    Dex: 12    Spells: 10/20 levels left

rFire   . . .      SeeInvis .      - Unarmed
rCold   + . .      Faith    .    (no shield)
rNeg    . . .      Spirit   +    p - +1 hat
rPois   .          Reflect  .    q - amulet of guardian spirit
rElec   .          Harm     .    c - ring of protection from cold
rCorr   .          Rampage  .    a - ring of wizardry
Will    .....                    (no ring)
Stlth   ++........               (no ring)
HPRegen 0.17/turn                (no ring)
MPRegen 0.16/turn                (no ring)
                                 (no ring)
                                 (no ring)

@: no status effects
A: almost no armour, amphibious, 8 rings, camouflage 1, gelatinous body 1,
(nimble swimmer 1), tentacles
a: Renounce Religion


You were on level 6 of the Dungeon.
You worshipped Ashenzari.
Ashenzari was noncommittal.
You visited 2 branches of the dungeon, and saw 7 of its levels.

You collected 301 gold pieces.

Inventory:

Armour
 p - a +1 hat (worn)
Jewellery
 a - a ring of wizardry (right tentacle)
 c - a ring of protection from cold (left tentacle)
 m - an amulet of reflection
 q - an amulet of guardian spirit (around mantle)
Wands
 b - a wand of acid (12)
Scrolls
 d - 2 scrolls of blinking
 f - 2 scrolls of poison
 t - a scroll of enchant weapon
Potions
 e - a potion of magic
 g - a potion of cancellation
 h - 3 potions of flight {unknown}
 i - 2 potions of might {unknown}
 j - 3 potions of mutation {unknown}
 n - 2 potions of attraction {unknown}
 o - a potion of ambrosia {unknown}
 r - a potion of invisibility {unknown}


   Skills:
 - Level 1.0 Fighting
 - Level 2.0 Dodging
 - Level 4.1 Unarmed Combat
 + Level 6.4 Spellcasting
 + Level 7.0 Transmutations
 - Level 4.0 Ice Magic
 - Level 4.0 Poison Magic


You had 10 spell levels left.
You knew the following spells:

 Your Spells              Type           Power      Damage    Failure   Level
a - Beastly Appendage     Tmut           64%        N/A       1%          1
b - Wereblood             Tmut           32%        N/A       1%          2
c - Spider Form           Tmut/Pois      27%        N/A       1%          3
d - Ice Form              Ice/Tmut       27%        N/A       4%          4

Your spell library contained the following spells:

 Spells                   Type           Power      Damage    Failure   Level
 Summon Small Mammal      Summ           24%        N/A       4%          1
 Call Canine Familiar     Summ           6%         N/A       13%         3
 Summon Guardian Golem    Hex/Summ       6%         N/A       13%         3


Dungeon Overview and Level Annotations

Branches:
Dungeon (6/15)             Temple (1/1) D:6

Altars:
Ashenzari
Cheibriados
Dithmenos
Elyvilon
Gozag
Hepliaklqana
Kikubaaqudgha
Makhleb
Nemelex Xobeh
Okawaru
Qazlal
Ru
Sif Muna
Uskayaw
Vehumet
Xom
Zin
The Shining One

Annotations:
D:6 2 transporters, crescentfresh's ghost, novice OpVM


Innate Abilities, Weirdness & Mutations

You cannot wear most types of armour.
You are amphibious.
You can wear up to eight rings at the same time.
Your skin changes colour to match your surroundings (Stealth+).
Your rubbery body absorbs attacks. (AC +1, EV +1)
((You are camouflaged when in or above water. (Stealth+)))
You have tentacles for arms and can constrict up to eight enemies at once.


Message History

You barely miss the water moccasin.
The water moccasin is almost dead.
You are engulfed in a cloud of scalding steam.
Unknown command.
You hit the steam dragon but do no damage.
You are engulfed in a cloud of scalding steam.
The water moccasin is no longer moving slowly.
The steam dragon bites you.
* * * LOW HITPOINT WARNING * * *
The steam dragon barely misses you.
The water moccasin is engulfed in a cloud of scalding steam.
The water moccasin bites you but does no damage.
It was a potion of cancellation.
Your magical effects are unravelling.
You feel magically purged.
You warm up again.
Your +1 hat unmelds from your body.
You feel yourself slow down.
The water moccasin is engulfed in a cloud of scalding steam.
The water moccasin dies!
The steam dragon breathes steam at you. The ball of steam hits you!
* * * LOW HITPOINT WARNING * * *
Your Transmutations skill increases to level 7!
Blink to where?
Press: ? - help, Dir - move target
As you read the scroll of blinking, it crumbles to dust.
Okay, then.
Okay, then.
Blink to where?
Press: ? - help, Dir - move target
Okay, then.
As you read the scroll of teleportation, it crumbles to dust.
You feel strangely unstable.
Okay, then.
You feel better.
Your surroundings seem slightly different.
The steam dragon breathes steam at you. The ball of steam hits you!!
You die...

...............#.......## ###'#
....#.....######.......##.#....
......†................##.#.###
..................†.......'.#>'
..........................#.###
....#.§§..D......#........#....
... #......§§....#........###'#
.. ...§<.....§...#....###.....#
. ............@..#....#.....###
...............#....#.....#
####.......#....#....####
#.......#.............
#########....#....####
#......#...... #..........###
#.....##.#.# ###.#....#.#


You could see a steam dragon (catching breath).

Vanquished Creatures
  Grinder (D:3)
  Menkaure (D:4)
  2 sky beasts (D:6)
  A black bear (D:5)
  A kobold brigand (D:6)
  Blork the orc (D:4)
  2 bullfrogs
  2 necrophages (D:6)
  A howler monkey (D:6)
  4 hounds
  A gnoll bouda (D:5)
  3 orc priests
  4 iguanas
  3 orc wizards
  5 gnolls
  8 adders
  2 white imps
  2 ufetubi
  4 worms
  2 dart slugs
  7 orcs
  11 bats
  5 endoplasms
  4 giant cockroaches
  5 goblins
  4 hobgoblins
  3 jackals (D:3)
  4 quokkas
  7 ball pythons
  15 kobolds
  6 rats
121 creatures vanquished.

Vanquished Creatures (others)
  A water moccasin (D:6)
  A shadow imp (D:6)
2 creatures vanquished.

Grand Total: 123 creatures vanquished

Notes
Turn   | Place    | Note
-------+----------+-------------------------------------------
     0 | D:1      | ytrimaz the Octopode Transmuter began the quest for the
                  | Orb.
     0 | D:1      | Reached XP level 1. HP: 13/13 MP: 3/3
   360 | D:1      | Reached XP level 2. HP: 17/18 MP: 3/5
  1370 | D:2      | Reached XP level 3. HP: 19/23 MP: 4/6
  1376 | D:2      | Learned a level 2 spell: Wereblood
  1380 | D:2      | Learned a level 3 spell: Spider Form
  1719 | D:2      | Reached skill level 1 in Poison Magic
  1719 | D:2      | Reached XP level 4. HP: 21/28 MP: 7/7
  1915 | D:2      | Found a faded altar of an unknown god.
  2584 | D:3      | Noticed Grinder
  2592 | D:3      | Paralysed by Grinder for 4 turns
  2600 | D:3      | Paralysed by Grinder for 2 turns
  2613 | D:3      | Killed Grinder
  2614 | D:3      | Reached skill level 3 in Transmutations
  2614 | D:3      | Reached XP level 5. HP: 17/33 MP: 7/9
  2614 | D:3      | Reached XP level 6. HP: 20/38 MP: 7/10
  2619 | D:3      | Learned a level 4 spell: Ice Form
  2856 | D:3      | Reached skill level 1 in Ice Magic
  3725 | D:3      | Found a shimmering altar of Xom.
  3852 | D:4      | Noticed Menkaure
  3859 | D:4      | Killed Menkaure
  3860 | D:4      | Reached skill level 4 in Transmutations
  3860 | D:4      | Reached XP level 7. HP: 26/43 MP: 7/12
  4197 | D:4      | Noticed Blork the orc
  4207 | D:4      | Killed Blork the orc
  5183 | D:4      | Found an ancient bone altar of Kikubaaqudgha.
  5192 | D:4      | Found a stormy altar of Qazlal.
  5320 | D:5      | Entered Level 5 of the Dungeon
  5328 | D:4      | Reached XP level 8. HP: 43/48 MP: 10/14
  5566 | D:5      | Reached skill level 5 in Transmutations
  5637 | D:5      | Identified the +5 scale mail "Toczappovai" {*Corrode rPois
                  | Regen+}
  5888 | D:5      | Reached skill level 5 in Spellcasting
  6341 | D:6      | Noticed crescentfresh's ghost (novice OpVM)
  6342 | D:6      | Found a transporter.
  6343 | D:6      | Identified the +8 great mace "Grim" {vamp, Fly rF+ Dex+4}
  6343 | D:6      | Noticed a two-headed ogre
  6365 | D:6      | Found a transporter.
  6455 | D:6      | Found a staircase to the Ecumenical Temple.
  6468 | D:6      | Reached skill level 6 in Transmutations
  6495 | Temple   | Entered the Ecumenical Temple
  6620 | Temple   | Became a worshipper of Ashenzari the Shackled
  6713 | D:6      | Reached XP level 9. HP: 49/53 MP: 11/18
  6802 | D:6      | Reached skill level 7 in Transmutations
  6806 | D:6      | Killed from afar by a steam dragon

Illustrated notes

Levels and vault maps discovered:
D:1:      elethiomel_arrival_maze, layout_loops_ring, chequers_garden
D:2:      layout_loops_ring, chequers_ecumenical_altar_lobes
D:3:      kennysheep_big_flooded_room, layout_basic,
          mainiacjoe_overflow_surrounded_room, minmay_ruptured, uniq_grinder
D:4:      layout_basic, mainiacjoe_overflow_swirl, uniq_blork_the_orc,
          uniq_menkaure
D:5:      layout_rooms
D:6:      layout_basic, minmay_temple_entry_glassed_door, gammafunk_ghost_smash,
          grunt_decor_clamped
Temple:   regret_index_temple_waves

Skill      XL: |  1  2  3  4  5  6  7  8  9 |
---------------+----------------------------+-----
Unarmed Combat | 4 |  4.1
Poison Magic   | 1 4 |  4.0
Spellcasting   | 3 4 6 |  6.4
Transmutations | 3 4 6 7 |  7.0
Ice Magic      | 2 4 |  4.0
Fighting       | |  1.0
Dodging        | |  2.0

Action                   |  1- 3 |  4- 6 |  7- 9 || total
-------------------------+-------+-------+-------++-------
Melee: Unarmed           |    56 |    96 |   171 ||   323
       Constrict         |    14 |    12 |     3 ||    29
       Kick              |    15 |     5 |     1 ||    21
       Tentacles         |    15 |     3 |     3 ||    21
       Punch             |       |     3 |       ||     3
 Cast: Beastly Appendage |    19 |    18 |     3 ||    40
       Spider Form       |       |     2 |    12 ||    14
       Ice Form          |       |     1 |    13 ||    14
       Wereblood         |       |       |     1 ||     1
  Use: Scroll            |     6 |     3 |     5 ||    14
       Potion            |       |     4 |     4 ||     8
 Stab: Sleeping          |     7 |     6 |     2 ||    15
Armor: Skin              |     6 |    33 |    47 ||    86
Dodge: Dodged            |    37 |    97 |   115 ||   249

Table legend: (Time is in decaauts)
 A = Elapsed time spent in this place.
 B = Non-inter-level travel time spent in this place.
 C = Inter-level travel time spent in this place.
 D = Time resting spent in this place.
 E = Time spent auto-exploring this place.
 F = Levels seen in this place.
 G = Mean time per level.
                   A        B        C        D        E       F      G
               +--------+--------+--------+--------+--------+-----+--------+
         Total |   6761 |   6605 |    156 |    193 |   5385 |   7 |  965.9 |
       Dungeon |   6604 |   6493 |    111 |    193 |   5291 |   6 | 1100.7 |
        Temple |    157 |    112 |     45 |      0 |     94 |   1 |  157.0 |
               +--------+--------+--------+--------+--------+-----+--------+

Top non-repeatable levels by time:
     D:4: 1548 daAuts
     D:3: 1517 daAuts
     D:1: 1364 daAuts
     D:2: 958 daAuts
     D:5: 630 daAuts
     D:6: 584 daAuts
  Temple: 157 daAuts
